 Dungeon Crawl Stone Soup version 0.30.0-5-g1a98f26d00 (webtiles) character file.

Game seed: 8340316174450260171

6883 Foic the Thaumaturge (level 10, 0/50 HPs)
             Began as a Deep Elf Summoner on May 10, 2023.
             Was a Priest of Vehumet.
             Shot with an arrow by a centaur warrior (6 damage)
             ... on level 8 of the Dungeon.
             The game lasted 01:47:01 (11487 turns).

Foic the Thaumaturge (Deep Elf Summoner)           Turns: 11487, Time: 01:47:01

Health: 0/50       AC: 12    Str:  5    XL:     10   Next: 79%
Magic:  2/27       EV: 29    Int: 25    God:    Vehumet [***...]
Gold:   547        SH:  0    Dex: 15    Spells: 11/31 levels left

rFire   . . .        a - +0 sling
rCold   + . .        (no shield)
rNeg    . . .        F - +3 leather armour
rPois   .            (no helmet)
rElec   .            n - +0 cloak
rCorr   .            (no gloves)
SInv    .            K - +0 pair of boots
Will    +....        r - amulet of the acrobat
Stlth   ++++         o - +4 ring of protection
HPRegen 0.28/turn    H - ring of protection from cold
MPRegen 0.20/turn

%: acrobat
@: portalling projectiles, acrobatic
A: no striking features
a: Renounce Religion


You were on level 8 of the Dungeon.
You worshipped Vehumet.
Vehumet was most pleased with you.
You visited 1 branch of the dungeon, and saw 9 of its levels.

You collected 547 gold pieces.

Inventory:

Hand Weapons
 a - a +0 sling (weapon)
 b - a +3 dagger of speed
 m - a +3 quarterstaff of chaos
 v - a +1 vampiric dagger
 I - a +0 arbalest
Missiles
 e - 14 boomerangs
 h - 17 poisoned darts
 l - 73 stones
Armour
 g - a +0 robe
 n - a +0 cloak (worn)
 s - the +3 ring mail of the Hall of Blades {Int+2}
   (You took it off a hobgoblin on level 3 of the Dungeon)

   Int:       It affects your intelligence (+2).
 F - a +3 leather armour (worn)
 K - a +0 pair of boots (worn)
Jewellery
 o - a +4 ring of protection (left hand)
 r - an amulet of the acrobat (around neck)
 E - the amulet of Elemental Vulnerability {rPois rF-- rC-- AC+8}
   (You took it off an orc wizard on level 5 of the Dungeon)

   [amulet of nothing]

   AC:        It affects your AC (+8).
   rF:        It makes you very vulnerable to fire.
   rC:        It makes you very vulnerable to cold.
   rPois:     It protects you from poison.
 H - a ring of protection from cold (right hand)
 M - a ring of see invisible
Wands
 q - a wand of flame (37)
Scrolls
 d - a scroll of blinking {unknown}
 f - a scroll of brand weapon {unknown}
 i - a scroll of fear {unknown}
 j - 7 scrolls of identify {unknown}
 k - 3 scrolls of noise {unknown}
 p - 4 scrolls of immolation {unknown}
 t - 3 scrolls of fog {unknown}
 w - a scroll of vulnerability {unknown}
 x - a scroll of poison {unknown}
 y - 2 scrolls of summoning {unknown}
 B - 2 scrolls of teleportation {unknown}
 N - a scroll of enchant weapon {unknown}
Potions
 c - a potion of brilliance
 u - 2 potions of magic
 z - 2 potions of degeneration {unknown}
 A - 4 potions of curing {unknown}
 C - 2 potions of mutation {unknown}
 D - 2 potions of heal wounds
 G - a potion of attraction {unknown}
 J - a potion of might {unknown}
 L - a potion of lignification {unknown}


   Skills:
 - Level 7.2 Ranged Weapons
 + Level 7.3 Dodging
 + Level 7.9 Stealth
 * Level 11.0 Spellcasting
 + Level 6.7 Hexes
 * Level 10.1 Summonings
 - Level 4.0 Translocations


You had 11 spell levels left.
You knew the following spells:

 Your Spells              Type           Power      Damage    Failure   Level
a - Summon Small Mammal   Summ           100%       N/A       1%          1
b - Call Imp              Summ           100%       N/A       1%          2
c - Call Canine Familiar  Summ           59%        N/A       1%          3
d - Summon Guardian Gole  Hex/Summ       54%        N/A       1%          3
f - Portal Projectile     Hex/Tloc       80%        N/A       2%          3
g - Volatile Blastmotes   Fire/Tloc      46%        2d13      2%          3
v - Summon Mana Viper     Hex/Summ       54%        N/A       6%          5

Your spell library contained the following spells:

 Spells                   Type           Power      Damage    Failure   Level
 Dazzling Flash           Conj/Hex       60%        N/A       1%          3
 Inner Flame              Hex/Fire       30%        N/A       1%          3
 Magic Dart               Conj           52%        1d5       2%          1
 Searing Ray              Conj           26%        2d5       3%          2
 Cause Fear               Hex            23%        N/A       4%          4
 Fulminant Prism          Conj/Hex       15%        3d10      5%          4
 Hailstorm                Conj/Ice       13%        3d5       6%          3
 Necrotise                Necr           52%        1d6       8%          1
 Summon Ice Beast         Ice/Summ       39%        N/A       9%          4
 Summon Lightning Spire   Summ/Air       39%        N/A       9%          4
 Yara's Violent Unravell  Hex/Tmut       15%        3d8       13%         5
 Leda's Liquefaction      Hex/Erth       15%        N/A       19%         4
 Olgreb's Toxic Radiance  Pois           13%        N/A       19%         4
 Vampiric Draining        Necr           13%        2d6       22%         3
 Silence                  Hex/Air        15%        N/A       45%         5
 Animate Dead             Necr           13%        N/A       58%         4
 Ice Form                 Ice/Tmut       13%        N/A       58%         4
 Monstrous Menagerie      Summ           29%        N/A       67%         7
 Agony                    Necr           13%        N/A       90%         5
 Borgnjor's Vile Clutch   Necr/Erth      6%         N/A       90%         5
 Enfeeble                 Hex            23%        N/A       98%         7
 Death Channel            Necr           6%         N/A       100%        6
 Simulacrum               Ice/Necr       6%         N/A       100%        6
 Dragon Form              Tmut           6%         N/A       100%        7
 Discord                  Hex            23%        N/A       100%        8
 Ignition                 Fire           6%         3d4       100%        8
 Dragon's Call            Summ           29%        N/A       100%        9


Dungeon Overview and Level Annotations

Branches:
Dungeon (9/15)             Temple (0/1) D:6             Orc (0/2) D:9
   Lair: D:8-11

Altars:
Cheibriados
Elyvilon
Gozag
Kikubaaqudgha
Vehumet

Shops:
D:2 [[   D:6 ((

Annotations:
D:6 3 runed translucent doors, paps's ghost, novice OpSu
D:8 unfinished, dangerous


Message History

The centaur warrior shoots an arrow.
The arrow barely misses your warg. The arrow barely misses you.
Your warg closely misses the centaur warrior.
Casting: Call Imp (safe; 1% risk of failure)
Confirm with . or Enter, or press ? or * to list all spells.
You begin teleporting projectiles to their destination.
The centaur warrior unwields a +0 shortbow.
The centaur warrior hits your warg. The centaur warrior kicks your warg.
Your warg bites the centaur warrior.
Your cerulean imp hits the centaur warrior from afar with a +1 spear.
Fire: a) +0 sling
Press: ? - help, Q - select action, (/) - cycle Shift-Dir - straight line, f/p - centaur warrior
Aim: a centaur warrior (lightly wounded, ally target, 74% to hit)
You magically shoot a sling bullet.
The sling bullet hits the centaur warrior.
The centaur warrior is lightly wounded.
The centaur warrior wields a +0 shortbow.
The centaur warrior shoots an arrow.
The arrow hits your warg!!
Your warg dies!
Your warg's corpse disappears in a puff of smoke!
The centaur warrior shoots an arrow.
The arrow hits you!!
Your cerulean imp hits the centaur warrior from afar with a +1 spear.
You feel much better.
The centaur warrior shoots an arrow.
The arrow hits you!!
Your cerulean imp closely misses the centaur warrior.
Casting: Portal Projectile (dangerous; 2% risk of failure)
Confirm with . or Enter, or press ? or * to list all spells.
The centaur warrior shoots an arrow.
The arrow misses your wolf. The arrow hits you!!
* * * LOW HITPOINT WARNING * * *
The centaur warrior shoots an arrow.
The arrow hits your wolf!
Your cerulean imp hits the centaur warrior but does no damage.
Something hits your wolf but does no damage.
Something kicks your wolf but does no damage.
Your cerulean imp hits the centaur warrior but does no damage.
The centaur warrior wields a +0 shortbow.
The centaur warrior shoots an arrow.
The arrow hits your wolf!!
Your wolf dies!
Your wolf's corpse disappears in a puff of smoke!
The centaur warrior shoots an arrow.
The arrow hits you.
You die...

####'####..## #.#.# #.# #
#.SO§...#...# #.#.###### #.# #
#H⌠c..⌠.##'####.#......# #.# #
##).⌠....##.888#.#......###.# #
.'...⌠...#8..K.c5#......'.#.#####
##....⌠..##.888#§#......#.#.....#
#.⌠...⌠.##'####.#......#.#####.#
#.......#...# #.#.####.#.# #.#
#####+####..## #@#.#..#.#.# #.#
...##)...'[#.# #.#.#..).#.# #.#
...###...#######.#.#.####.# #.#
.....#####................# #.#
#.#..........>...~≈~~≈~~.## #.#
...#.#.########..≈#####~.######.#
#..#.#.# ##.)#...#~........#
#..#.#.# #.~))∩.#~.########
#..#.#.#########.~#...#~....#


You could see a centaur warrior (ally target) and a friendly cerulean imp
(summoned).

Vanquished Creatures
  A howler monkey (D:6)
  3 orcs
  3 bats
  2 goblins
  A hobgoblin (D:4)
  A frilled lizard (D:1)
  3 kobolds
  2 rats
  A rat zombie (D:4)
17 creatures vanquished.

Vanquished Creatures (collateral kills)
  Pikel (D:9)
  A troll (D:9)
  Sigmund (D:6)
  2 wyverns
  A steam dragon (D:6)
  12 yaks
  Edmund (D:4)
  A warg (D:9)
  An acid dragon (D:9)
  A water moccasin (D:7)
  3 ice beasts
  2 orc warriors
  2 black bears
  4 ogres
  A kobold brigand (D:6)
  2 bullfrogs
  10 wights
  2 killer bees (D:9)
  5 howler monkeys
  2 hounds (D:5)
  A jelly (D:5)
  5 orc priests
  2 gnoll boudas
  An iguana (D:6)
  Crazy Yiuf (D:2)
  Ijyb (D:4)
  9 orc wizards
  3 sleepcaps
  14 gnolls
  5 adders
  2 shadow imps
  A white imp (D:6)
  3 ufetubi
  3 dart slugs
  35 orcs
  2 bat zombies (D:4)
  4 endoplasms
  3 giant cockroaches
  13 hobgoblins
  14 jackals (D:3)
  15 kobolds
  2 quokkas (D:1)
  8 ball pythons
  6 frilled lizards
  10 goblins
  2 rats
220 creatures vanquished.

Vanquished Creatures (others)
  A yak (D:8)
  A lemure (D:9)
  A kobold brigand (D:7)
  2 wights (D:8)
  A killer bee (D:9)
  A howler monkey (D:9)
7 creatures vanquished.

Grand Total: 244 creatures vanquished

Notes
Turn   | Place    | Note
-------+----------+-------------------------------------------
     0 | D:1      | Foic the Deep Elf Summoner began the quest for the Orb.
     0 | D:1      | Reached XP level 1. HP: 10/10 MP: 6/6
   158 | D:1      | Reached XP level 2. HP: 12/15 MP: 6/8
   268 | D:1      | Learned a level 2 spell: Call Imp
  1202 | D:2      | Found Woytutal's Antique Armour Shoppe.
  1205 | D:2      | Reached XP level 3. HP: 19/19 MP: 7/10
  1286 | D:1      | Learned a level 3 spell: Call Canine Familiar
  1363 | D:2      | Reached skill level 1 in Ranged Weapons
  1493 | D:2      | Reached skill level 5 in Summonings
  1524 | D:2      | Reached skill level 4 in Spellcasting
  1524 | D:2      | Reached XP level 4. HP: 24/24 MP: 6/12
  1769 | D:2      | Found a runed translucent door.
  1770 | D:2      | Noticed Crazy Yiuf
  1852 | D:2      | Killed Crazy Yiuf
  1919 | D:2      | Found Ness's Armour Shoppe.
  2498 | D:3      | Identified the +3 ring mail of the Hall of Blades {Int+2}
  2550 | D:3      | Reached XP level 5. HP: 28/28 MP: 9/13
  2750 | D:3      | Found a faded altar of an unknown god.
  3152 | D:4      | Noticed Ijyb
  3163 | D:4      | Killed Ijyb
  3219 | D:4      | Noticed a black bear
  3256 | D:4      | You fall into a shaft and drop 3 floors!
  3279 | D:7      | Learned a level 3 spell: Summon Guardian Golem
  3292 | D:6      | Found a runed translucent gate.
  3292 | D:6      | Found a runed translucent gate.
  3292 | D:6      | Found a runed translucent gate.
  3301 | D:6      | Reached skill level 5 in Spellcasting
  3377 | D:5      | Entered Level 5 of the Dungeon
  3399 | D:5      | Noticed an ogre
  3409 | D:5      | Killed an ogre
  3410 | D:5      | Reached skill level 1 in Hexes
  3410 | D:5      | Reached XP level 6. HP: 32/32 MP: 10/15
  3614 | D:4      | Learned a level 3 spell: Portal Projectile
  3853 | D:4      | Found a radiant altar of Vehumet.
  3871 | D:4      | Became a worshipper of Vehumet
  3907 | D:4      | Found an opulent altar of Gozag.
  3916 | D:4      | Reached skill level 1 in Translocations
  3916 | D:4      | Reached XP level 7. HP: 36/36 MP: 14/17
  3986 | D:4      | Reached skill level 6 in Spellcasting
  4091 | D:4      | Found a snail-covered altar of Cheibriados.
  4111 | D:4      | Noticed Edmund
  4166 | D:4      | Killed Edmund
  4726 | D:4      | Found an ancient bone altar of Kikubaaqudgha.
  4987 | D:5      | Reached XP level 8. HP: 41/41 MP: 8/20
  5102 | D:5      | Reached * piety under Vehumet
  5102 | D:5      | Offered knowledge of Foxfire by Vehumet.
  5316 | D:5      | Reached skill level 5 in Stealth
  5827 | D:6      | Found Fozual's Weapon Shoppe.
  5904 | D:6      | Reached skill level 7 in Spellcasting
  5981 | D:6      | Noticed Sigmund
  6019 | D:6      | Killed Sigmund
  6020 | D:6      | Reached skill level 5 in Dodging
  6056 | D:6      | Reached skill level 8 in Spellcasting
  6056 | D:6      | Reached XP level 9. HP: 45/45 MP: 12/23
  6089 | D:6      | Reached skill level 5 in Ranged Weapons
  6200 | D:6      | Found a staircase to the Ecumenical Temple.
  6316 | D:6      | Noticed paps's ghost (novice OpSu)
  6537 | D:6      | Found Dutirph's Antique Weapon Boutique.
  6973 | D:7      | Offered knowledge of Freeze by Vehumet.
  7003 | D:7      | Reached ** piety under Vehumet
  7055 | D:7      | Found a white marble altar of Elyvilon.
  7422 | D:7      | Learned a level 5 spell: Summon Mana Viper
  7700 | D:8      | Reached skill level 9 in Spellcasting
  8051 | D:8      | Reached skill level 5 in Hexes
  8422 | D:8      | Reached XP level 10. HP: 50/50 MP: 7/25
  8588 | D:8      | Offered knowledge of Frozen Ramparts by Vehumet.
  9007 | D:8      | Noticed a centaur warrior
  9007 | D:8      | Noticed a manticore
  9222 | D:9      | Noticed Pikel
  9381 | D:9      | Reached skill level 10 in Spellcasting
  9722 | D:9      | Reached *** piety under Vehumet
 10027 | D:9      | Offered knowledge of Volatile Blastmotes by Vehumet.
 10042 | D:9      | Learned a level 3 spell: Volatile Blastmotes
 10198 | D:9      | Killed Pikel
 10199 | D:9      | Reached skill level 10 in Summonings
 10450 | D:9      | Found a staircase to the Orcish Mines.
 10478 | D:9      | Reached skill level 11 in Spellcasting
 11450 | D:8      | Noticed a two-headed ogre
 11487 | D:8      | Shot with an arrow by a centaur warrior

Illustrated notes

Levels and vault maps discovered:
D:1:      dpeg_arrival_short_road, layout_loops_corners,
          chequers_serial_rivers_micro_b, nicolae_figureground_sparkle
D:2:      layout_loops_ring, serial_shops, shop, shop, kennysheep_pointless_box,
          hex_tiny, uniq_crazy_yiuf_cottage
D:3:      layout_basic, basic_ecumenical_altar
D:4:      layout_loops_ring, mainiacjoe_overflow_24_doors,
          mainiacjoe_overflow_surrounded_room, vehumet_altar_wand_db,
          lemuel_zombie_altar_kikubaaqudgha, reono_crystal_passage,
          minmay_starry_boxes, uniq_ijyb, uniq_edmund
D:5:      layout_loops_cross, minmay_misc_feat_alley,
          chequers_serial_rivers_small_b, chequers_serial_rivers_large_a,
          hangedman_abyss_or_decor_passed
D:6:      layout_loops_corners, minmay_temple_entry_proselytizer, serial_shops,
          kennysheep_mini_moat, shop_fountains, gammafunk_ghost_icy,
          uniq_sigmund
D:7:      layout_rooms, lemuel_crystal_altar
D:8:      minmay_chambers_of_sevens, layout_basic, enter_bailey_3
D:9:      layout_layer_cave, erik_orc_3, uniq_pikel

Skill      XL: |  1  2  3  4  5  6  7  8  9 10 |
---------------+-------------------------------+-----
Dodging        | 3 4 5 6 7 |  7.3
Ranged Weapons | 1 2 3 4 6 7 |  7.2
Stealth        | 3 4 5 6 7 |  7.9
Summonings     | 5 6 7 9 10 | 10.1
Spellcasting   | 4 5 6 8 9 11 | 11.0
Hexes          | 1 2 4 5 6 |  6.7
Translocations | 1 2 3 4 |  4.0

Action                     |  1- 3 |  4- 6 |  7- 9 | 10-12 || total
---------------------------+-------+-------+-------+-------++-------
   Fire: Sling             |     9 |    35 |    46 |    49 ||   139
   Cast: Summon Small Mamm |    32 |    27 |    81 |    66 ||   206
         Call Imp          |    14 |    15 |    32 |    23 ||    84
         Call Canine Famil |     3 |    23 |    49 |    25 ||   100
         Summon Guardian G |       |       |     6 |     7 ||    13
         Portal Projectile |       |       |     4 |     6 ||    10
         Summon Mana Viper |       |       |       |     7 ||     7
    Use: Potion            |       |     3 |     1 |     3 ||     7
 Armour: Robe              |     1 |       |       |       ||     1
         Leather armour    |     3 |     6 |     4 |     8 ||    21
         Ring mail         |       |       |     6 |       ||     6
  Dodge: Dodged            |    19 |    23 |    26 |    24 ||    92
